 Dungeon Crawl Stone Soup version 0.19.0-24-gb05acd6 (console) character file.

12 Jesseh the Charmwright (level 2, 0/19 HPs)
             Began as a Halfling Skald on Nov 21, 2016.
             Slain by a hobgoblin (3 damage)
             ... on level 1 of the Dungeon.
             The game lasted 00:02:20 (291 turns).

Jesseh the Charmwright (Halfling Skald)              Turns: 291, Time: 00:02:21

Health: 0/19       AC:  3    Str: 13    XL:     2   Next: 45%
Magic:  4/4        EV: 14    Int: 10    God:
Gold:   0          SH:  0    Dex: 13    Spells: 1 memorised, 3 levels left

rFire  . . .     SeeInvis .     a - +0 short sword
rCold  . . .     Gourm    .     b - +0 leather armour
rNeg   . . .     Faith    .     (shield restricted)
rPois  .         Spirit   .     (no helmet)
rElec  .         Reflect  .     (no cloak)
rCorr  .         Harm     .     (no gloves)
MR     .....                    (no boots)
Stlth  +.........               (no amulet)
                                (no ring)
                                (no ring)

@: no status effects
A: mutation resistance 1
a: no special abilities


You were on level 1 of the Dungeon.
You were not hungry.

You visited 1 branch of the dungeon, and saw 1 of its levels.

Inventory:

Hand Weapons
 a - a +0 short sword (weapon)
Armour
 b - a +0 leather armour (worn)
Scrolls
 e - a scroll of remove curse {unknown}
Books
 c - a book of Battle
Comestibles
 d - a bread ration
 f - 4 chunks of flesh
 g - a beef jerky


   Skills:
 - Level 1.7 Fighting
 + Level 2.6 Short Blades
 - Level 1.1 Armour
 + Level 1.8 Dodging
 * Level 1.9 Spellcasting
 - Level 3.2 Charms


You had 3 spell levels left.
You knew the following spells:

 Your Spells              Type           Power        Failure   Level  Hunger
a - Infusion              Chrm           #...         12%         1    ##.....


Dungeon Overview and Level Annotations

Branches:
Dungeon (1/15)

Altars:


Innate Abilities, Weirdness & Mutations

You are small and have problems with some larger weapons.
You are somewhat resistant to further mutation.


Message History

You see here a stone.
You hit the bat. The bat barely misses you. The bat barely misses you.
The kobold throws a stone.
The stone closely misses you.
You see here a stone.
The bat hits you.
The kobold throws a stone.
The stone hits you.
Things that are here:
a stone; a beef jerky You hit the bat.
You kill the bat!
The kobold throws a stone.
The stone barely misses you.
You see here a bat corpse.
You butcher the bat corpse.
f - a chunk of flesh The kobold throws a stone.
The stone hits you.
Things that are here:
3 stones; a beef jerky You hit the kobold.
You kill the kobold!
You see here a kobold corpse.
g - a beef jerky You see here 3 stones.
You see here a stone.
You see here 3 stones.
A ball python comes into view.
The ball python hisses angrily.
A hobgoblin comes into view.
The hobgoblin shouts!
You hit the ball python but do no damage.
The ball python closely misses you. The ball python misses you.
You hit the ball python.
You kill the ball python!
A goblin comes into view. It is wielding a dagger.
The hobgoblin hits you.
* * * LOW HITPOINT WARNING * * *
The goblin moves out of view.
You see here a ball python corpse.
You hit the hobgoblin. The hobgoblin misses you.
You hit the hobgoblin.
You kill the hobgoblin!
You have reached level 2!
There are no objects that can be picked up here. a ball python corpse A dart slug comes into view.
The goblin hits you but does no damage.
You hit the goblin. The goblin hits you with a dagger.
* * * LOW HITPOINT WARNING * * *
You closely miss the goblin. The goblin misses you.
You closely miss the goblin. The goblin misses you.
You closely miss the goblin. The goblin misses you.
You hit the goblin.
You kill the goblin!
Things that are here:
a dagger; a goblin corpse You hit the dart slug.
The dart slug barely misses you.
You hit the dart slug. You hit the dart slug but do no damage.
The dart slug closely misses you.
You barely miss the dart slug. The dart slug closely misses you.
You hit the dart slug.
You kill the dart slug!
You see here a dart slug corpse.
You butcher the dart slug corpse.
f - 2 chunks of flesh (gained 1)
Things that are here:
a dagger; a goblin corpse You butcher the goblin corpse.
f - 4 chunks of flesh (gained 2)
You see here a dagger.
You see here a short sword.
Found a stone staircase leading down.
You start resting.
A dart slug comes into view.
The dart slug launches a dart at you. The slug dart hits you!
A hobgoblin comes into view.
The dart slug closely misses you.
You hit the dart slug. The dart slug closely misses you.
You hit the dart slug. You hit the dart slug but do no damage.
The hobgoblin shouts!
You hear a shout!
The dart slug launches a dart at you. The slug dart misses you.
You completely miss the dart slug. The hobgoblin hits you.
The dart slug barely misses you.
You hit the dart slug.
You kill the dart slug!
The hobgoblin barely misses you.
You hit the hobgoblin but do no damage.
The hobgoblin hits you but does no damage.
You closely miss the hobgoblin. The hobgoblin hits you.
You hit the hobgoblin but do no damage.
The hobgoblin hits you but does no damage.
Your leather armour prevents you from hitting the hobgoblin.
The hobgoblin misses you.
You barely miss the hobgoblin. The hobgoblin misses you.
You closely miss the hobgoblin. The hobgoblin hits you.
* * * LOW HITPOINT WARNING * * *
You hit the hobgoblin. The hobgoblin misses you.
You closely miss the hobgoblin. The hobgoblin hits you.
You die...

.(...▒.▒ ▒..........†.▒........
..▒▒▒▒.▒ ▒..........▒.▒........
..▒ ▒.▒ ▒........▒▒▒.▒........
..▒ ▒.▒ ▒........▒..))........
..▒ ▒.. ....▒▒▒.▒..........[.
..▒ ▒▒▒ ▒. ▒.▒............ ..▒ ▒
▒▒▒.▒............ ..▒▒▒▒▒▒▒▒▒▒
▒.▒................
..+....♣P▒f▒▒▒.†p......▒▒▒▒.....
..▒≈≈≈..♣P▒.♣▒▒▒g▒▒..▒.▒ .....
..▒▒≈8....<♣▒ ▒.▒▒▒...........
..▒≈≈≈..♣P▒.♣ ▒.▒ ▒.▒.▒▒▒▒.
▒.)....♣P▒f▒▒ ▒.▒ ▒...▒
▒▒▒▒▒▒▒▒▒▒▒▒ ▒.▒ ▒€... ▒..
...... ▒▒▒ ....... ...>..^.


You could see a hobgoblin.

Vanquished Creatures
  2 dart slugs (D:1)
  A ball python (D:1)
  2 hobgoblins (D:1)
  A kobold (D:1)
  A bat (D:1)
  A goblin (D:1)
8 creatures vanquished.

Notes
Turn   | Place    | Note
-------+----------+-------------------------------------------
     0 | D:1      | Jesseh the Halfling Skald began the quest for the Orb.
     0 | D:1      | Reached XP level 1. HP: 14/14 MP: 3/3
    98 | D:1      | Reached XP level 2. HP: 8/19 MP: 4/4
   289 | D:1      | HP: 3/19 [hobgoblin (5)]
   291 | D:1      | Slain by a hobgoblin

Action                   || total
-------------------------++-------
Melee: Short sword       ||    36
Armor: Leather armour    ||     3
Dodge: Dodged            ||    27

Vault maps used:
D:1:      tarquinn_simple_flora_water_d

Table legend:
 A = Turns spent in this place as a percentage of turns spent in the entire game.
 B = Non-inter-level travel turns spent in this place as a percentage of non-inter-level travel turns spent in the entire game.
 C = Inter-level travel turns spent in this place as a percentage of turns spent in this place.
 D = Turns resting spent in this place as a percentage of non-inter-level travel turns spent in this place.
 E = Turns spent auto-exploring this place as a percentage of non-inter-level travel turns spent in this place.
 F = Non-inter-level travel turns spent in this place divided by the number of levels of this place that you've seen.
                   A       B       C       D       E      F
               +-------+-------+-------+-------+-------+----------------------
         Total | 100.0 | 100.0 |   0.0 |   2.2 |   6.6 |  91.0
       Dungeon | 100.0 | 100.0 |   0.0 |   2.2 |   6.6 |  91.0
               +-------+-------+-------+-------+-------+----------------------

Table legend:
 A = Kills in this place as a percentage of kills in entire the game.
 B = Kills by you in this place as a percentage of kills by you in the entire game.
 C = Kills by friends in this place as a percentage of kills by friends in the entire game.
 D = Other kills in this place as a percentage of other kills in the entire game.
 E = Experience gained in this place as a percentage of experience gained in the entire game.
 F = Experience gained in this place divided by the number of levels of this place that you have seen.
                   A       B       C       D       E      F
               +-------+-------+-------+-------+-------+----------------------
         Total | 100.0 | 100.0 |  -nan |  -nan | 100.0 |  18.0
       Dungeon | 100.0 | 100.0 |  -nan |  -nan | 100.0 |  18.0
               +-------+-------+-------+-------+-------+----------------------
